 Dungeon Sprint DCSS version 0.28.0-53-g5a82cb258f (webtiles) character file.

Game seed: 17865299539832436153

30087 Zeld the Executioner (level 13, -10/150 HPs)
             Began as a Minotaur Berserker on June 4, 2022.
             Was the Champion of Trog.
             Mangled by a black mamba simulacrum (20 damage)
             ... in the Dungeon (Sprint III: "The Ten Rune Challenge").
             The game lasted 00:11:22 (10095 turns).

Zeld the Executioner (Minotaur Berserker)          Turns: 10095, Time: 00:11:22

Health: -10/150    AC: 25    Str: 26    XL:     13   Next: 18%
Magic:  12/12      EV: 13    Int:  7    God:    Trog [******]
Gold:   749        SH:  0    Dex: 11    Spells: 12/12 levels left

rFire   . . .      SeeInvis +   r - +1 war axe (flame)
rCold   . . .      Faith    .   (no shield)
rNeg    . . .      Spirit   .   v - +2 plate armour of the Pit {Int+3}
rPois   +          Reflect  .   h - +2 hat
rElec   .          Harm     .   (no cloak)
rCorr   .          Rampage  .   (no gloves)
Will    .....      NoTele   +   b - +2 pair of boots {Fly}
Stlth   ..........              (no amulet)
HPRegen 0.35/turn               u - ring of see invisible
MPRegen 0.13/turn               x - ring of poison resistance

@: flying
A: horns 2, retaliatory headbutt
a: Renounce Religion, Berserk, Trog's Hand, Brothers in Arms


You were in the Dungeon.
You worshipped Trog.
Trog was exalted by your worship.
You visited 1 branch You collected 3713 gold pieces.
You spent 2964 gold pieces at shops.

Inventory:

Hand Weapons
 a - a +4 executioner's axe
 r - a +1 war axe of flaming (weapon)
Armour
 b - a +2 pair of boots of flying (worn)
 h - a +2 hat (worn)
 v - the +2 plate armour of the Pit (worn) {Int+3}
   (You bought it in a shop in the Dungeon)

   Int:       It affects your intelligence (+3).
Jewellery
 u - a ring of see invisible (left hand)
 x - a ring of poison resistance (right hand)
Wands
 o - a wand of digging (3)
 w - a wand of charming (13)
 C - a wand of iceblast (4)
Scrolls
 j - a scroll of torment
 k - a scroll of identify
 n - a scroll of holy word
 s - 4 scrolls of fear
 t - a scroll of enchant armour
 A - a scroll of enchant weapon
Potions
 c - 6 potions of curing
 d - a potion of degeneration {unknown}
 e - 3 potions of haste
 f - 2 potions of magic
 g - a potion of berserk rage
 i - 4 potions of mutation
 l - 2 potions of attraction {unknown}
 m - 2 potions of flight
 q - 2 potions of brilliance {unknown}
 B - a potion of resistance
Miscellaneous
 p - a piece from Xom's chessboard (15/15)


   Skills:
 * Level 24.0 Fighting
 - Level 24.0 Axes
 + Level 17.6 Armour
 + Level 16.1 Dodging


You had 12 spell levels left.
You didn't know any spells.
Your spell library was empty.

Dungeon Overview and Level Annotations

Branches:
Dungeon (1/1)

Altars:
Cheibriados
Dithmenos
Elyvilon
Fedhas
Gozag
Hepliaklqana
Kikubaaqudgha
Makhleb
Nemelex Xobeh
Okawaru
Qazlal
Ru
Sif Muna
Trog
Uskayaw
Vehumet
Wu Jian
Xom
Yredelemnul
Zin
The Shining One
Beogh
Jiyva
Lugonu

Shops:
D ?=([*?[!=[::[?(


Innate Abilities, Weirdness & Mutations

You have a pair of horns on your head.
You reflexively headbutt those who attack you in melee.


Message History

You see here a +0 long sword.
Really fly into that cloud of freezing vapour?
Okay, then.
Okay, then.
You are engulfed in freezing vapours.
* * * LOW HITPOINT WARNING * * *
The black mamba simulacrum closely misses you.
The black mamba simulacrum bites you but does no damage.
Unknown command.
Okay, then.
You feel much better.
You are engulfed in freezing vapours.
The black mamba simulacrum bites you. The black mamba simulacrum freezes you!
* * * LOW HITPOINT WARNING * * *
Unknown command.
Okay, then.
The black mamba simulacrum bites you but does no damage.
You are engulfed in freezing vapours.
You are engulfed in freezing vapours.
* * * LOW HITPOINT WARNING * * *
The black mamba simulacrum bites you but does no damage.
The black mamba simulacrum bites you but does no damage.
The black mamba simulacrum misses you. The black mamba simulacrum bites you!
* * * LOW HITPOINT WARNING * * *
The black mamba simulacrum freezes you!
* * * LOW HITPOINT WARNING * * *
Unknown command.
The black mamba simulacrum closely misses you. x2
Unknown command.
There is an open door, spattered with blood here.
You see here a +2 vorpal battleaxe.
The black mamba simulacrum barely misses you.
You furiously retaliate!
You headbutt the black mamba simulacrum.
Things that are here:
a +1 broad axe; 6 javelins; a +0 ring mail The black mamba simulacrum bites you.
* * * LOW HITPOINT WARNING * * *
The black mamba simulacrum freezes you!!
You die...

....#___#__'...#)))#..#..##..'...
▓▓▓▓▓▓▓▓▓▓▓▓▓▓▓▓▓▓▓▓▓▓▓▓▓▓▓▓▓#...
≈♣♣.....♣♣♣♣≈≈≈........≈≈≈...#.^.
.♣♣.≈≈≈≈'♣♣'♣≈≈≈≈≈≈≈≈≈≈≈≈♣♣..'..^
≈.')....#)≈♣♣♣♣♣♣♣♣♣♣♣♣♣♣♣♣..#)..
.♣♣♣♣♣♣♣#..♣♣ ♣♣♣##'# ≈♣
###'♣♣♣♣♣♣♣♣♣♣♣♣♣♣♣♣♣#.). ###♣
♣♣♣♣.##..##≈≈≈≈≈≈..#☼/#... ...♣♣
♣...##.##@#≈≈≈≈≈...#○)#... ###'♣
♣♣.##.##Z##'≈≈≈Z≈####°#### ....♣
♣..#.##.)Z#≈≈.....○○°#... #####♣♣
♣♣.##.##..#≈..'#######... ......♣
♣♣.##.#####...#..((..#... ......♣
♣.....##..÷...#♣♣♣._.#... ##'####
########+######**#####+## #.♣♣
*≈≈≈≈≈≈≈≈≈≈≈≈*#.○☼ #♣.♣
*≈≈≈≈≈≈≈≈≈≈≈≈*#.##


You could see a black mamba simulacrum.

Vanquished Creatures
  Sigmund (D)
  Rupert (D)
  Gastronok (D)
  A dire elephant (D)
  3 hydras (D)
  Erolcha (D)
  4 ice dragons (D)
  Urug (D)
  2 death yaks (D)
  A death drake (D)
  A spriggan druid (D)
  An orc knight (D)
  A lindwurm (D)
  4 deep elf pyromancers (D)
  2 deep elf zephyrmancers (D)
  An orange crystal statue (D)
  2 orc sorcerers (D)
  4 crystal guardians (D)
  An elephant (D)
  A black mamba (D)
  Edmund (D)
  2 cane toads (D)
  A rime drake (D)
  A komodo dragon (D)
  4 spriggan defenders (D)
  2 tyrant leeches (D)
  8 blink frogs (D)
  3 orc high priests (D)
  2 spriggans (D)
  A shadow (D)
  5 redbacks (D)
  A spatial vortex (D)
  A hydra simulacrum (D)
  3 wandering mushrooms (D)
  An orc warrior (D)
  A swamp drake (D)
  A necrophage (D)
  5 two-headed ogres (D)
  A water elemental (D)
  An electric eel (D)
  4 orc priests (D)
  A jelly (D)
  Jessica (D)
  A wizard (D)
  A necromancer (D)
  2 orc wizards (D)
  3 humans (D)
  A kobold demonologist (D)
  A wolf (D)
  2 swamp drake simulacra (D)
  9 orcs (D)
  3 rats (D)
108 creatures vanquished.

Vanquished Creatures (collateral kills)
  A dire elephant (D)
  2 death yaks (D)
  An elephant (D)
  A black mamba (D)
5 creatures vanquished.

Vanquished Creatures (others)
  28 plants (D)
28 creatures vanquished.

Grand Total: 141 creatures vanquished

Notes
Turn   | Place    | Note
-------+----------+-------------------------------------------
     0 | D        | Zeld the Minotaur Berserker began the quest for the Orb.
     0 | D        | Reached XP level 1. HP: 19/19 MP: 0/0
    84 | D        | Noticed Jessica
    87 | D        | Killed Jessica
    87 | D        | Reached ** piety under Trog
    88 | D        | Reached skill level 5 in Fighting
    88 | D        | Reached skill level 5 in Axes
    88 | D        | Reached XP level 2. HP: 29/29 MP: 1/1
   153 | D        | Reached XP level 3. HP: 21/37 MP: 2/2
   405 | D        | Noticed a water elemental
   411 | D        | Killed a water elemental
   411 | D        | Reached *** piety under Trog
   412 | D        | Reached skill level 5 in Armour
   412 | D        | Reached XP level 4. HP: 47/47 MP: 3/3
   491 | D        | Found a radiant altar of Vehumet.
   491 | D        | Found a shimmering blue altar of Sif Muna.
   491 | D        | Found an ancient bone altar of Kikubaaqudgha.
   491 | D        | Noticed a wizard
   496 | D        | Reached XP level 5. HP: 53/53 MP: 4/4
   497 | D        | Reached skill level 5 in Dodging
   591 | D        | Found a glowing silver altar of Zin.
   591 | D        | Found a glowing golden altar of the Shining One.
   591 | D        | Found a white marble altar of Elyvilon.
   592 | D        | Noticed a deep elf pyromancer
   605 | D        | Killed a deep elf pyromancer
   605 | D        | Reached **** piety under Trog
   606 | D        | Reached XP level 6. HP: 58/68 MP: 5/5
   606 | D        | Reached XP level 7. HP: 63/74 MP: 6/6
   794 | D        | Found a hide-covered altar of Uskayaw.
   794 | D        | Found an iron altar of Okawaru.
   794 | D        | Found a bloodstained altar of Trog.
   794 | D        | Found an ornate altar of the Wu Jian Council.
   794 | D        | Noticed a human
   795 | D        | Noticed a human
   801 | D        | Killed a human
   804 | D        | Killed a human
   929 | D        | Found a basalt altar of Yredelemnul.
   929 | D        | Found a shadowy altar of Dithmenos.
   929 | D        | Found a sacrificial altar of Ru.
  1025 | D        | Noticed a shadow
  1029 | D        | Reached ***** piety under Trog
  1030 | D        | Reached XP level 8. HP: 85/85 MP: 7/7
  1075 | D        | Found a blossoming altar of Fedhas.
  1075 | D        | Found a stormy altar of Qazlal.
  1075 | D        | Found a snail-covered altar of Cheibriados.
  1075 | D        | Found a burning altar of Makhleb.
  1075 | D        | Found a shimmering altar of Xom.
  1076 | D        | Found a hazy altar of Hepliaklqana.
  1076 | D        | Found an opulent altar of Gozag.
  1076 | D        | Found a sparkling altar of Nemelex Xobeh.
  1076 | D        | Found a corrupted altar of Lugonu.
  1076 | D        | Found a viscous altar of Jiyva.
  1210 | D        | Received a gift from Trog
  1543 | D        | Noticed a two-headed ogre
  1550 | D        | Killed a two-headed ogre
  1551 | D        | Reached skill level 10 in Armour
  1879 | D        | Noticed a two-headed ogre
  1879 | D        | Noticed Erolcha
  1884 | D        | Killed Erolcha
  1885 | D        | Reached XP level 9. HP: 96/96 MP: 2/8
  1885 | D        | Killed a two-headed ogre
  1886 | D        | Reached skill level 15 in Fighting
  1886 | D        | Reached skill level 15 in Axes
  1898 | D        | Reached skill level 10 in Dodging
  2116 | D        | Noticed a wandering mushroom
  2120 | D        | Noticed a wandering mushroom
  2122 | D        | Noticed a wandering mushroom
  2131 | D        | Received a gift from Trog
  2213 | D        | Killed a wandering mushroom
  2295 | D        | Noticed a cane toad
  2295 | D        | Noticed a komodo dragon
  2295 | D        | Noticed a cane toad
  2298 | D        | Killed a cane toad
  2300 | D        | Killed a cane toad
  2301 | D        | Reached XP level 10. HP: 108/108 MP: 3/9
  2525 | D        | Received a gift from Trog
  2536 | D        | Reached ****** piety under Trog
  3027 | D        | Noticed a lindwurm
  3033 | D        | Killed a lindwurm
  3259 | D        | Noticed Urug
  3267 | D        | Killed Urug
  3697 | D        | Noticed an orc sorcerer
  3709 | D        | Killed an orc sorcerer
  3709 | D        | Received a gift from Trog
  3710 | D        | Reached XP level 11. HP: 118/121 MP: 3/10
  3723 | D        | Noticed an orc knight
  3726 | D        | Noticed an orc sorcerer
  3726 | D        | Received a gift from Trog
  3740 | D        | Killed an orc knight
  3743 | D        | Killed an orc sorcerer
  3837 | D        | Received a gift from Trog
  3959 | D        | Found Pemoar's Antique Armour Shop.
  3972 | D        | Bought a polished chain mail for 256 gold pieces
  3972 | D        | Identified the +3 chain mail of Valiance {rElec rF++ Str-5}
                  | (You bought it in a shop in the Dungeon)
  4075 | D        | Noticed a deep elf zephyrmancer
  4075 | D        | Noticed a deep elf pyromancer
  4075 | D        | Noticed a deep elf pyromancer
  4075 | D        | Noticed a deep elf pyromancer
  4075 | D        | Noticed a deep elf zephyrmancer
  4083 | D        | Killed a deep elf pyromancer
  4085 | D        | Killed a deep elf zephyrmancer
  4088 | D        | Killed a deep elf zephyrmancer
  4092 | D        | Killed a deep elf pyromancer
  4092 | D        | Received a gift from Trog
  4093 | D        | Killed a deep elf pyromancer
  4126 | D        | Noticed a deep elf high priest
  4128 | D        | Noticed a deep elf annihilator
  4406 | D        | Noticed a dire elephant
  4406 | D        | Noticed a dire elephant
  4406 | D        | Noticed Gastronok
  4426 | D        | Killed a dire elephant
  4524 | D        | Killed Gastronok
  4524 | D        | Received a gift from Trog
  4688 | D        | HP: 1/126 [dire elephant (29)]
  4690 | D        | Killed a dire elephant
  4691 | D        | Reached skill level 15 in Armour
  4934 | D        | Noticed an azure jelly
  4934 | D        | Noticed an azure jelly
  4934 | D        | Noticed an azure jelly
  4935 | D        | Noticed an azure jelly
  4945 | D        | Noticed Rupert
  4955 | D        | Killed Rupert
  5133 | D        | Noticed a death yak
  5140 | D        | Killed a death yak
  5141 | D        | Reached XP level 12. HP: 136/136 MP: 3/11
  5141 | D        | Noticed a death yak
  5146 | D        | Noticed a death yak
  5150 | D        | Killed a death yak
  5154 | D        | Noticed a death yak
  5163 | D        | Killed a death yak
  5166 | D        | Killed a death yak
  5169 | D        | Received a gift from Trog
  5616 | D        | Found Soleit's Magic Scroll Shoppe.
  5616 | D        | Found Otaubal's Jewellery Boutique.
  5616 | D        | Noticed an ice dragon
  5630 | D        | Killed an ice dragon
  5631 | D        | Noticed an ice dragon
  5638 | D        | HP: 2/137 [ice dragon/blast of cold (29)]
  6238 | D        | Killed an ice dragon
  6238 | D        | Received a gift from Trog
  6265 | D        | Noticed an ice dragon
  6276 | D        | Noticed a four-headed hydra
  6281 | D        | Killed an ice dragon
  6600 | D        | Noticed an ice dragon
  6602 | D        | Found Mubbelag's Antique Weapon Emporium.
  6615 | D        | Killed an ice dragon
  6818 | D        | Killed a one-headed hydra
  6819 | D        | Reached skill level 15 in Dodging
  6972 | D        | Bought a scroll of fear for 38 gold pieces
  6972 | D        | Bought a scroll of magic mapping for 38 gold pieces
  6972 | D        | Bought a scroll of fear for 38 gold pieces
  6972 | D        | Bought a scroll of fear for 38 gold pieces
  6975 | D        | Bought a ring of see invisible for 180 gold pieces
  6978 | D        | HP: 5/139 [something (15)]
  6979 | D        | HP: 1/139 [something (6)]
  7676 | D        | Identified the amulet "Asehurch" {Reflect rElec Int+4 SH+5}
  7676 | D        | Noticed a deep elf annihilator
  7677 | D        | Noticed a deep elf master archer
  7678 | D        | Identified the +1 robe "Woipn" {rC- rCorr Int-5 Slay+5}
  7678 | D        | Noticed a deep elf demonologist
  8007 | D        | Noticed a deep elf demonologist
  8007 | D        | Noticed a deep elf high priest
  8057 | D        | Noticed Edmund
  8058 | D        | Noticed Sigmund
  8064 | D        | Killed Edmund
  8083 | D        | Killed Sigmund
  8539 | D        | Noticed a yaktaur captain
  8694 | D        | Received a gift from Trog
  8858 | D        | Reached XP level 13. HP: 148/148 MP: 12/12
  8926 | D        | Found Yron's Antique Armour Emporium.
  8926 | D        | Found Vullaax's Book Shop.
  8926 | D        | Found Tuuschoonk's Distillery.
  8926 | D        | Found Penoon's Antique Weapon Shoppe.
  8926 | D        | Found Ozawiang's Jewellery Boutique.
  8926 | D        | Found Vaogarra's Book Emporium.
  8926 | D        | Found Qampik's Antique Armour Shoppe.
  8926 | D        | Found Ovaekau's Magic Scroll Shop.
  8926 | D        | Found Recit's Magic Scroll Shop.
  8926 | D        | Found Beif's Armour Emporium.
  8926 | D        | Found Nuzau's General Store.
  8959 | D        | Bought a scroll of enchant armour for 90 gold pieces
  8962 | D        | Bought a scorched plate armour for 588 gold pieces
  8962 | D        | Identified the +2 plate armour of the Pit {Int+3} (You
                  | bought it in a shop in the Dungeon)
  8965 | D        | Bought a pair of glowing boots for 157 gold pieces
  8966 | D        | Bought a ring of poison resistance for 200 gold pieces
  8968 | D        | Bought 2 potions of curing for 78 gold pieces
  8968 | D        | Bought a potion of curing for 39 gold pieces
  8968 | D        | Bought a potion of heal wounds for 65 gold pieces
  8968 | D        | Bought a potion of mutation for 104 gold pieces
  8970 | D        | Bought a scroll of acquirement for 520 gold pieces
  8970 | D        | Bought a scroll of enchant weapon for 75 gold pieces
  8970 | D        | Bought a scroll of fear for 35 gold pieces
  8971 | D        | Bought a potion of curing for 30 gold pieces
  8971 | D        | Bought a potion of resistance for 100 gold pieces
  8971 | D        | Bought a wand of iceblast (4) for 80 gold pieces
  8988 | D        | Acquired 769 gold pieces
  8994 | D        | Bought a +2 pair of boots of flying for 215 gold pieces
  9675 | D        | Received a gift from Trog
  9964 | D        | Found a blossoming altar of Fedhas.
 10095 | D        | Mangled by a black mamba simulacrum

Illustrated notes

Levels and vault maps discovered:
D:        dungeon_sprint_mu [sprint_mu_entry_forest, sprint_mu_temple_rooms,
          sprint_mu_d1_spiders, sprint_mu_d2_genie, sprint_mu_d3_branching,
          sprint_mu_orc_legion, sprint_mu_elf_gauntlet, sprint_mu_hive_nellie,
          sprint_mu_lair_fedhas, sprint_mu_vaults_butterflies,
          sprint_mu_slime_circle, sprint_mu_swamp_cave, sprint_mu_shoals_archi,
          sprint_mu_blade_basic, sprint_mu_crypt_chambers,
          sprint_mu_tomb_spiral, sprint_mu_vestibule_basic,
          sprint_mu_gehenna_hellfire, sprint_mu_dis_giant,
          sprint_mu_tartarus_statrot, sprint_mu_cocytus_islands, sprint_mu_zot1]

Skill      XL: |  1  2  3  4  5  6  7  8  9 10 11 12 13 |
---------------+----------------------------------------+-----
Fighting       | 5 7 11 12 14 16 18 21 23 24 | 24.0
Axes           | 5 7 11 12 14 16 18 21 23 24 | 24.0
Armour         | 3 4 5 8 9 10 11 13 15 17 | 17.6
Dodging        | 3 4 7 8 9 10 12 14 15 16 | 16.1

Action                   |  1- 3 |  4- 6 |  7- 9 | 10-12 | 13-15 || total
-------------------------+-------+-------+-------+-------+-------++-------
Melee: Hand axe          |    26 |    13 |    41 |       |       ||    80
       Headbutt          |     4 |     1 |    16 |    46 |     7 ||    74
       Battleaxe         |       |       |    36 |   215 |       ||   251
       Executioner's axe |       |       |       |     6 |    24 ||    30
       War axe           |       |       |       |     4 |    17 ||    21
Invok: Berserk           |     3 |     2 |     7 |    18 |     2 ||    32
       Brothers in Arms  |       |       |       |     3 |       ||     3
       Trog's Hand       |       |       |       |     2 |       ||     2
  Use: Potion            |       |       |       |     2 |     1 ||     3
       Scroll            |       |       |       |     4 |     1 ||     5
Armor: Leather armour    |     3 |     2 |     2 |    40 |       ||    47
       Animal skin       |     1 |       |       |       |       ||     1
       Plate armour      |       |       |       |       |    35 ||    35
Dodge: Dodged            |    12 |     1 |    38 |   138 |    28 ||   217
